 Dungeon Crawl Stone Soup version 0.30-a0-634-g8abc85282e (webtiles) character file.

Game seed: 5435648156916529506

395 Newt the Sneak (level 6, -11/48 HPs)
             Began as a Demonspawn Gladiator on Jan 14, 2023.
             Engulfed by a cloud of flame (24 damage)
             ... on level 4 of the Dungeon.
             The game lasted 00:04:12 (2924 turns).

Newt the Sneak (Demonspawn Gladiator)               Turns: 2924, Time: 00:04:13

Health: -11/48     AC:  3    Str: 17    XL:     6   Next: 52%
Magic:  6/6        EV: 13    Int:  9    God:
Gold:   266        SH:  0    Dex: 14    Spells: 5/5 levels left

rFire   . . .      SeeInvis .    l - +3 short sword
rCold   . . .      Faith    .    (no shield)
rNeg    . . .      Spirit   .    b - +0 leather armour
rPois   .          Reflect  .    (helmet restricted)
rElec   .          Harm     .    (no cloak)
rCorr   .          Rampage  .    (no gloves)
Will    .....                    (no boots)
Stlth   ++                       h - amulet of regeneration
HPRegen 1.08/turn                (no ring)
MPRegen 0.10/turn                (no ring)

@: no status effects
A: hooves 1, horns 1, spiny 1
a: no special abilities


You were on level 4 of the Dungeon.
You visited 1 branch of the dungeon, and saw 4 of its levels.

You collected 266 gold pieces.

Inventory:

Hand Weapons
 a - a +0 rapier
 l - a +3 short sword (weapon)
Missiles
 d - a throwing net (quivered)
 e - a javelin
 w - 12 poisoned darts
Armour
 b - a +0 leather armour (worn)
 c - a +0 helmet
 g - a +2 scale mail of positive energy
Jewellery
 h - an amulet of regeneration (around neck)
Wands
 i - a wand of paralysis (3)
 r - a wand of quicksilver (4)
Scrolls
 f - a scroll of silence
 o - a scroll of teleportation
 p - a scroll of vulnerability
 s - a scroll of noise
Potions
 j - 2 potions of invisibility
 k - 5 potions of curing
 m - 2 potions of lignification
 n - 2 potions of degeneration {unknown}
 t - a potion of might
 u - 4 potions of heal wounds {unknown}
 v - 2 potions of attraction {unknown}
 x - a potion of cancellation {unknown}
 z - a potion of mutation {unknown}
 A - a potion of resistance {unknown}


   Skills:
 - Level 4.0 Fighting
 + Level 3.4 Short Blades
 - Level 1.7 Throwing
 - Level 4.0 Dodging
 - Level 4.0 Stealth


You had 5 spell levels left.
You didn't know any spells.
Your spell library contained the following spells:

 Spells                   Type           Power      Damage    Failure   Level
 Summon Small Mammal      Summ           0%         N/A       45%         1
 Call Canine Familiar     Summ           0%         N/A       83%         3
 Ignite Poison            Fire/Tmut/Pois 0%         N/A       83%         3
 Summon Guardian Golem    Hex/Summ       0%         N/A       83%         3
 Sticky Flame             Conj/Fire      0%         2d3       99%         4
 Ignition                 Fire           0%         3d3       100%        8


Dungeon Overview and Level Annotations

Branches:
Dungeon (4/15)
 Temple: D:4-7

Altars:
Uskayaw
Xom


Innate Abilities, Weirdness & Mutations

You have large cloven feet.
You have a pair of small horns on your head.
You are partially covered in sharp spines.


Message History

No target in view!
No target in view!
No target in view!
No target in view!
No target in view!
No target in view!
No target in view!
No target in view!
No target in view!
No target in view!
No target in view!
No target in view!
w - 12 poisoned darts (gained 6)
You see here a +0 dagger.
You pick up a book of Callings and begin reading...
You add the spells Summon Small Mammal, Call Canine Familiar and Summon Guardian Golem to your library.
You see here a +0 dagger.
y - a scroll of identify
k - 5 potions of curing (gained 1)
You now have 249 gold pieces (gained 14).
Found a helmet.
You now have 266 gold pieces (gained 17).
An iguana comes into view.
As you read the scroll of identify, it crumbles to dust.
t - a potion of might
As you read the scroll labelled TASTRI ATALU, it crumbles to dust.
The creatures around you are filled with an inner flame!
It was a scroll of immolation.
The helpless iguana fails to defend itself.
You puncture the iguana!
Flame seeps out of the iguana. x2
You kick the iguana.
The iguana is almost dead.
You hit the iguana.
The iguana explodes!
The fiery explosion engulfs you!!
Ouch! That really hurt!
* * * LOW HITPOINT WARNING * * *
You are engulfed in blazing flames.
Ouch! That really hurt!
You die...

...........#### #.#
###.#
.#########.######.#
#)# #.........#
####.##
##..########
#.....# ......
#.....# #.###..##
#.....# #.##..#
#### #.....#
#....###○§.#
#.....# ##>...@#
.## ###.###
.###..#.## #[#
#..(. ........#
#.#######.###
.######.##
##.........#
##.###.####.....#
#....## #.#####
#.#### #.# #.# #.#
#.# #.#


There were no monsters in sight!

Vanquished Creatures
  Sigmund (D:3)
  A necrophage (D:4)
  An iguana (D:4)
  Terence (D:2)
  Ijyb (D:3)
  7 adders
  2 worms
  A dart slug (D:4)
  A ball python (D:2)
  7 endoplasms
  2 giant cockroaches
  6 goblins
  2 hobgoblins (D:1)
  3 jackals (D:3)
  3 quokkas
  6 bats
  4 frilled lizards
  10 kobolds
  7 rats
66 creatures vanquished.

Notes
Turn   | Place    | Note
-------+----------+-------------------------------------------
     0 | D:1      | Newt the Demonspawn Gladiator began the quest for the Orb.
     0 | D:1      | Reached XP level 1. HP: 16/16 MP: 1/1
   170 | D:1      | Reached skill level 1 in Stealth
   267 | D:1      | Discovered your monstrous ancestry.
   267 | D:1      | Gained mutation: You have a pair of small horns on your
                  | head. [demonic ancestry]
   267 | D:1      | Reached XP level 2. HP: 22/22 MP: 2/2
   844 | D:2      | Reached XP level 3. HP: 27/27 MP: 3/3
  1386 | D:2      | Gained mutation: You have large cloven feet. [demonic
                  | ancestry]
  1386 | D:2      | Reached XP level 4. HP: 33/33 MP: 4/4
  1575 | D:3      | Noticed Terence
  1593 | D:2      | Killed Terence
  1780 | D:3      | Noticed Sigmund
  2152 | D:3      | Noticed Ijyb
  2170 | D:3      | Paralysed by Ijyb for 3 turns
  2175 | D:3      | Killed Ijyb
  2176 | D:3      | Gained mutation: You are partially covered in sharp spines.
                  | [demonic ancestry]
  2176 | D:3      | Reached XP level 5. HP: 33/41 MP: 5/5
  2323 | D:3      | Killed Sigmund
  2324 | D:3      | Reached XP level 6. HP: 25/48 MP: 6/6
  2354 | D:3      | Found a shimmering altar of Xom.
  2647 | D:4      | Noticed a +0 spear
  2647 | D:4      | Noticed a +0 short sword
  2647 | D:4      | Noticed a +0 dagger
  2647 | D:4      | Noticed a +0 dagger
  2647 | D:4      | Noticed a +0 falchion
  2647 | D:4      | Noticed a +0 spear
  2647 | D:4      | Noticed a +0 falchion
  2647 | D:4      | Noticed a +0 short sword
  2662 | D:4      | Found a hide-covered altar of Uskayaw.
  2924 | D:4      | Engulfed by a cloud of flame

Illustrated notes

Levels and vault maps discovered:
D:1:      dpeg_arrival_tiny_a, layout_loops_ring
D:2:      minmay_recursive_quarters, layout_basic,
          minmay_misc_feat_more_columns, minmay_circled_x
D:3:      layout_basic, mainiacjoe_overflow_tiny_flanked, uniq_ijyb,
          uniq_sigmund, uniq_terence
D:4:      layout_loops_ring, nicolae_uskayaw_en_pointe

Skill      XL: |  1  2  3  4  5  6 |
---------------+-------------------+-----
Stealth        | 1 2 3 4 |  4.0
Fighting       | 3 4 |  4.0
Dodging        | 3 4 |  4.0
Short Blades   | 3 |  3.4
Throwing       | |  1.7

Action                   |  1- 3 |  4- 6 || total
-------------------------+-------+-------++-------
Melee: Rapier            |    42 |       ||    42
       Punch             |     1 |       ||     1
       Short sword       |    52 |    96 ||   148
       Headbutt          |     8 |    17 ||    25
       Kick              |       |    37 ||    37
Throw: Throwing net      |       |     3 ||     3
       Javelin           |       |     1 ||     1
  Use: Scroll            |     4 |     8 ||    12
       Potion            |     1 |       ||     1
 Stab: Sleeping          |     6 |     4 ||    10
       Held in net/web   |       |     2 ||     2
Armor: Leather armour    |    26 |    13 ||    39
Dodge: Dodged            |    58 |    36 ||    94

Table legend: (Time is in decaauts)
 A = Elapsed time spent in this place.
 B = Non-inter-level travel time spent in this place.
 C = Inter-level travel time spent in this place.
 D = Time resting spent in this place.
 E = Time spent auto-exploring this place.
 F = Levels seen in this place.
 G = Mean time per level.
                   A        B        C        D        E       F      G
               +--------+--------+--------+--------+--------+-----+--------+
         Total |   2908 |   2828 |     80 |    411 |   1846 |   4 |  727.0 |
       Dungeon |   2908 |   2828 |     80 |    411 |   1846 |   4 |  727.0 |
               +--------+--------+--------+--------+--------+-----+--------+

Top non-repeatable levels by time:
     D:2: 1135 daAuts
     D:3: 763 daAuts
     D:1: 735 daAuts
     D:4: 273 daAuts
